 Dungeon Sprint DCSS version 0.31-a0-150-g89dc3ad700 (webtiles) character file.

Game seed: 11859419619477709647

171944 rocky1 the Axe Maniac (level 17, -10/175 (188) HPs)
             Began as a Minotaur Gladiator on June 9, 2023.
             Was an Initiate of Gozag.
             Mangled by Ereshkigal (28 damage)
             ... in the Dungeon (Sprint VII: "The Pits").
             The game lasted 00:48:18 (12583 turns).

rocky1 the Axe Maniac (Minotaur Gladiator)         Turns: 12583, Time: 00:48:19

HP:   -10/175 (188) AC: 59    Str: 30    XL:     17   Next: 15%
MP:   0/34          EV: 12    Int: 10    God:    Gozag
Gold: 6612          SH:  0    Dex:  6    Spells: 44/44 levels left

rFire   + + .        a - +5 executioner's axe "Xesovvoela" {heavy, rElec rC++ Str+3 Dex-5}
rCold   + + .        (shield currently unavailable)
rNeg    + . .        S - +8 orange crystal plate armour {Archmagi, Int+3 Clar}
rPois   .            x - +2 hat of the Bear Spirit {Spirit, Bear, *Rage Will++}
rElec   +            c - +1 cloak of the Distant Future {rElec rF++ MP-9 Dex-2 SInv}
rCorr   .            z - +2 pair of gloves {Str+3}
SInv    +            V - +2 pair of boots {rampage}
Will    +++..        T - amulet of the Writhing Gods {Acrobat Rampage} Stlth
                     U - ring "Elock" {rN+ MP+9}
HPRegen 0.49/turn    H - ring of the Tortoise {AC+8}
MPRegen 0.24/turn

%: no teleportation, acrobat, clarity, guardian spirit, rampage, archmagi
@: drained
A: horns 2, retaliatory headbutt
}: 1/3 runes: silver
a: Renounce Religion, Potion Petition, Call Merchant, Bribe Branch


You were in the Dungeon.
You worshipped Gozag.
Gozag was greatly pleased with you.
You visited 1 branch You collected 36165 gold pieces.
You spent 13003 gold pieces at shops.
You paid 16550 gold pieces to Gozag.

Inventory:

Hand Weapons
 a - the +5 executioner's axe "Xesovvoela" (weapon) {heavy, rElec rC++ Str+3 Dex-5}
   (You found it in the Dungeon)

   Str:       It affects your strength (+3).
   Dex:       It affects your dexterity (-5).
   rC:        It greatly protects you from cold.
   rElec:     It insulates you from electricity.
 b - a +4 arbalest of freezing
Missiles
 d - 3 throwing nets (quivered)
 e - 4 javelins
 p - 10 boomerangs
 J - 5 poisoned darts
 L - a curare-tipped dart
Armour
 c - the +1 cloak of the Distant Future (worn) {rElec rF++ MP-9 Dex-2 SInv}
   (You found it in the Dungeon)

   Dex:       It affects your dexterity (-2).
   rF:        It greatly protects you from fire.
   rElec:     It insulates you from electricity.
   MP:        It affects your magic capacity (-9).
   SInv:      It lets you see invisible.
 l - the +9 gold dragon scales of Sunlight {rPois rF+ rC+ rN+ Str+3}
   (You bought it in a shop in the Dungeon)

   Str:       It affects your strength (+3).
   rF:        It protects you from fire.
   rC:        It protects you from cold.
   rPois:     It protects you from poison.
   rN:        It protects you from negative energy.
 x - the +2 hat of the Bear Spirit (worn) {Spirit, Bear, *Rage Will++}
   (You bought it in a shop in the Dungeon)

   Bear:      Going berserk makes the wearer exceptionally tough, and they are
   slowed for a shorter time afterward.
   *Rage:     It berserks you when you make melee attacks (+20% chance).
   Will:      It greatly increases your willpower.
 z - a +2 pair of gloves of strength (worn)
 S - the +8 orange crystal plate armour (worn) {Archmagi, Int+3 Clar}
   (You bought it in a shop in the Dungeon)

   Int:       It affects your intelligence (+3).
   Clar:      It protects you from confusion, rage, mesmerisation and fear.
 V - a +2 pair of boots of rampaging (worn)
Jewellery
 q - a ring of poison resistance
 y - a ring of protection from cold
 G - an amulet of magic regeneration
 H - the ring of the Tortoise (right hand) {AC+8}
   (You bought it in a shop in the Dungeon)

   [ring of protection]

   AC:        It affects your AC (+8).
 I - a ring of willpower
 M - a ring of magical power
 Q - an amulet of regeneration
 T - the amulet of the Writhing Gods (around neck) {Acrobat Rampage}
   (You found it in the Dungeon)

   [amulet of the acrobat]

   It increases your evasion while moving and waiting.
   Rampage:   It bestows one free step when moving towards enemies.
 U - the ring "Elock" (left hand) {rN+ MP+9}
   (You found it in the Dungeon)

   [ring of magical power]

   rN:        It protects you from negative energy.
   MP:        It affects your magic capacity (+9).
Wands
 k - a wand of polymorph (6)
 r - a wand of paralysis (3)
 A - a wand of flame (18)
 O - a wand of mindburst (6)
Scrolls
 m - 6 scrolls of amnesia
 n - a scroll of summoning
 u - a scroll of poison
 v - a scroll of fog
 w - 2 scrolls of blinking
 B - 7 scrolls of enchant armour
 C - 4 scrolls of enchant weapon
 E - 4 scrolls of fear
 K - a scroll of immolation
 P - a scroll of acquirement {unknown}
 R - 4 scrolls of identify
Potions
 f - 13 potions of curing
 g - 17 potions of heal wounds
 h - a potion of haste
 i - 4 potions of magic
 j - 7 potions of berserk rage
 o - 7 potions of might
 s - a potion of resistance
 t - 8 potions of brilliance
 D - 2 potions of enlightenment
 F - 5 potions of mutation
Miscellaneous
 N - a phantom mirror


   Skills:
 + Level 26.0 Fighting
 O Level 27 Axes
 + Level 20.9 Ranged Weapons
 - Level 13.3 Throwing
 + Level 25.7 Armour
 + Level 23.8 Dodging
 + Level 14.4 Spellcasting
 + Level 17.9 Evocations


You had 44 spell levels left.
You didn't know any spells.
Your spell library contained the following spells:

 Spells                   Type           Power      Damage    Failure   Level
 Scorch                   Fire           20%        2d6       61%         2
 Volatile Blastmotes      Fire/Tloc      20%        2d11      83%         3
 Fulminant Prism          Conj/Hex       5%         3d7       99%         4
 Iskenderun's Mystic Bla  Conj/Tloc      10%        2d4       99%         4
 Summon Ice Beast         Ice/Summ       10%        N/A       99%         4
 Lee's Rapid Deconstruct  Erth           5%         3d6*      100%        5
 Summon Mana Viper        Hex/Summ       10%        N/A       100%        5
 Monstrous Menagerie      Summ           5%         N/A       100%        7
 Ignition                 Fire           5%         3d4       100%        8
 Fire Storm               Conj/Fire      5%         8d1       100%        9


Dungeon Overview and Level Annotations

Branches:
Dungeon (1/1)

Altars:
Ashenzari
Cheibriados
Dithmenos
Elyvilon
Fedhas
Gozag
Hepliaklqana
Kikubaaqudgha
Makhleb
Nemelex Xobeh
Okawaru
Qazlal
Ru
Sif Muna
Trog
Uskayaw
Vehumet
Wu Jian
Xom
Yredelemnul
Zin
The Shining One
Jiyva
Lugonu

Shops:
D [*=[(**

Annotations:
D Ereshkigal


Innate Abilities, Weirdness & Mutations

You have a pair of horns on your head.
You reflexively headbutt those who attack you in melee.


Message History

Ereshkigal calls on the powers of darkness!
Your body is wracked with pain!
* * * LOW HITPOINT WARNING * * *
Unknown command.
You feel much better. Ereshkigal hits you.
Unknown command.
You feel much better.
Ereshkigal gestures.
Ereshkigal misses you.
Unknown command.
You cut Ereshkigal into ribbons!!!! Your headbutt misses Ereshkigal.
Ereshkigal is severely wounded.
Ereshkigal closely misses you.
You miss Ereshkigal.
Ereshkigal is severely wounded.
Ereshkigal closely misses you. Ereshkigal hits you but does no damage.
You miss Ereshkigal. Your headbutt misses Ereshkigal.
Ereshkigal is severely wounded.
Ereshkigal gestures.
You closely miss Ereshkigal.
Ereshkigal is severely wounded.
You closely miss the Tzitzimitl. Ereshkigal hits you! Ereshkigal misses you.
You furiously retaliate!
You headbutt Ereshkigal, but do no damage.
The Tzitzimitl engulfs you but does no damage.
The Tzitzimitl bites you but does no damage.
You completely miss Ereshkigal.
Ereshkigal is severely wounded.
You miss the Tzitzimitl. Ereshkigal barely misses you.
The Tzitzimitl gestures at you. The bolt of negative energy hits you!
You partially resist.
You feel drained.
* * * LOW HITPOINT WARNING * * *
Unknown command.
You completely miss Ereshkigal.
Ereshkigal is heavily wounded.
You slice the Tzitzimitl!! Ereshkigal hits you!!
* * * LOW HITPOINT WARNING * * *
Ereshkigal hits you!!
You die...
Your body crumbles into a pile of gold.

*,,,*,,,*,,,*,,,*,,,*#.#
**,***,+**,+**,**+,**#'#
,*+*,***,*+*,*+*,*+* #.#
*+,+**,***,***,***,**#'#
*,,,+,,,*,,,+,,,*,,,*#.#
**,***,**+,+**,+*+,**#[#
******+*,***,#**,#+# #.#
*,,,,,,**+,*##.###.###'#
,,,,,,,,*,,,+.1&@...##.##
,,,,,,,,**,*#+.##1.##...#
*,,,,,,*****,#*#.##''[).#
******** *** ##*####[##
####################*#[#
.#.........#.......,*#.#
.#.....[...#.......,*#'#
'#####'#####''#''#####.#
....................##)#


You could see Ereshkigal (strong) and 2 Tzitzimimeh.

Vanquished Creatures
  A Killer Klown (D)
  Boris (D)
  the Lernaean hydra (D)
  2 curse toes (D)
  2 golden dragons (D)
  Jory (D)
  A pearl dragon (D)
  An electric golem (D)
  A hellephant (D)
  2 Tzitzimimeh (D)
  A bone dragon (D)
  4 Ice Fiends (D)
  A deep elf blademaster (D)
  A lich (D)
  2 deep elf master archers (D)
  2 titans (D)
  An Executioner (D)
  A death cob (D)
  An azure jelly (D)
  A sphinx (D)
  2 draconian monks (D)
  3 shadow dragons (D)
  3 storm dragons (D)
  A daeva (D)
  2 fire giants (D)
  2 nagarajas (D)
  2 frost giants (D)
  A rockslime (D)
  A draconian knight (D)
  An iron dragon (D)
  A ghost moth (D)
  2 balrugs (D)
  A cacodemon (D)
  Louise (D)
  2 orc warlords (D)
  A war gargoyle (D)
  2 angels (D)
  An ophan (D)
  2 stone giants (D)
  An apis (D)
  A deep elf demonologist (D)
  A green draconian (D)
  3 lorocyprocas (D)
  7 dire elephants (D)
  A purple draconian (D)
  A deep elf annihilator (D)
  A white draconian (D)
  2 red draconians (D)
  2 eidola (D)
  A merfolk javelineer (D)
  2 green deaths (D)
  An ettin (D)
  4 blizzard demons (D)
  4 fire dragons (D)
  11 hydras (D)
  Josephine (D)
  4 vault guards (D)
  8 ice dragons (D)
  2 death knights (D)
  A merfolk avatar (D)
  A centaur warrior (D)
  4 catoblepae (D)
  A spriggan air mage (D)
  An alligator snapping turtle (D)
  2 anacondas (D)
  A dancing weapon (D)
  2 boulder beetles (D)
  3 deep troll shamans (D)
  6 death yaks (D)
  3 two-headed ogres (D)
  3 hell hogs (D)
  A naga warrior (D)
  2 demonic crawlers (D)
  A deep troll earth mage (D)
  An orc high priest (D)
  2 sun demons (D)
  A spriggan berserker (D)
  2 large abominations (D)
  4 hell knights (D)
  A soul eater (D)
  A fire crab (D)
  3 deep elf knights (D)
  2 iron trolls (D)
  2 sea snakes (D)
  5 skeletal warriors (D)
  A flayed ghost (D)
  A shadow wraith (D)
  A spriggan druid (D)
  A deep troll (D)
  2 swamp dragons (D)
  A phantasmal warrior (D)
  A deep elf zephyrmancer (D)
  5 lindwurms (D)
  12 orc knights (D)
  An orc sorcerer (D)
  A wolf spider (D)
  3 moths of wrath (D)
  An ugly thing (D)
  2 guardian serpents (D)
  2 eyes of devastation (D)
  A molten gargoyle (D)
  A rust devil (D)
  An orange demon (D)
  A cane toad (D)
  A hellion (D)
  An unseen horror (D)
  4 komodo dragons (D)
  An ice devil (D)
  A yaktaur (D)
  3 rime drakes (D)
  2 guardian mummies (D)
  A troll (D)
  2 hellwings (D)
  4 merfolk (D)
  A polar bear (D)
  A wind drake (D)
  2 hornets (D)
  A jumping spider (D)
  3 spriggans (D)
  2 ynoxinuls (D)
  A shadow (D)
  5 wraiths (D)
  A wyvern (D)
  3 steam dragons (D)
  2 basilisks (D)
  A chaos spawn (D)
  5 redbacks (D)
  2 neqoxecs (D)
  3 wargs (D)
  8 acid dragons (D)
  A floating eye (D)
  4 swamp drakes (D)
  A black bear (D)
  5 orc warriors (D)
  An ice beast (D)
  An ogre (D)
  2 centaurs (D)
  A wolf (D)
  A kobold brigand (D)
  A necrophage (D)
  9 killer bees (D)
  A gnoll bouda (D)
  A hound (D)
  5 orc priests (D)
  A hell rat (D)
  An orc wizard (D)
  2 adders (D)
  2 gnolls (D)
  A river rat (D)
  2 worms (D)
  8 orcs (D)
  A ball python (D)
  A bat (D)
  A bat skeleton (D)
  A bat zombie (D)
  A giant cockroach (D)
  A goblin (D)
  A hobgoblin (D)
  4 jackals (D)
  2 kobolds (D)
  A ball python zombie (D)
  A giant cockroach simulacrum (D)
  A jackal zombie (D)
  A quokka simulacrum (D)
  A quokka skeleton (D)
  3 rats (D)
345 creatures vanquished.

Vanquished Creatures (others)
  A Tzitzimitl (D)
  A rime drake (D)
  A swamp drake (D)
  A jackal (D)
  A quokka simulacrum (D)
5 creatures vanquished.

Grand Total: 350 creatures vanquished

Notes
Turn   | Place    | Note
-------+----------+-------------------------------------------
     0 | D        | rocky1 the Minotaur Gladiator began the quest for the Orb.
     0 | D        | Reached XP level 1. HP: 18/18 MP: 0/0
    15 | D        | Reached skill level 1 in Armour
    19 | D        | Reached skill level 4 in Axes
    23 | D        | Found a bloodstained altar of Trog.
    23 | D        | Found a shimmering blue altar of Sif Muna.
    23 | D        | Found a viscous altar of Jiyva.
    23 | D        | Found a hazy altar of Hepliaklqana.
    23 | D        | Found an opulent altar of Gozag.
    24 | D        | Found a glowing golden altar of the Shining One.
    24 | D        | Found a glowing silver altar of Zin.
    24 | D        | Found a basalt altar of Yredelemnul.
    24 | D        | Found a shimmering altar of Xom.
    24 | D        | Found an ornate altar of the Wu Jian Council.
    24 | D        | Found a sacrificial altar of Ru.
    24 | D        | Found a stormy altar of Qazlal.
    24 | D        | Found an iron altar of Okawaru.
    24 | D        | Found a sparkling altar of Nemelex Xobeh.
    24 | D        | Found a burning altar of Makhleb.
    24 | D        | Found a blossoming altar of Fedhas.
    24 | D        | Found a white marble altar of Elyvilon.
    24 | D        | Found a shadowy altar of Dithmenos.
    24 | D        | Found a snail-covered altar of Cheibriados.
    27 | D        | Found a corrupted altar of Lugonu.
    27 | D        | Found a radiant altar of Vehumet.
    28 | D        | Found an ancient bone altar of Kikubaaqudgha.
    28 | D        | Found a hide-covered altar of Uskayaw.
    28 | D        | Found a broken altar of Ashenzari.
    33 | D        | Became a worshipper of Gozag Ym Sagoz the Greedy
    88 | D        | Reached XP level 2. HP: 10/27 MP: 1/1
   322 | D        | Noticed a black bear
   327 | D        | Killed a black bear
   328 | D        | Reached skill level 6 in Axes
   328 | D        | Reached skill level 5 in Armour
   328 | D        | Reached XP level 3. HP: 11/37 MP: 2/2
   328 | D        | Reached XP level 4. HP: 13/44 MP: 3/3
   508 | D        | Noticed a wolf
   508 | D        | Noticed an orc warrior
   509 | D        | Noticed a floating eye
   518 | D        | Killed a wolf
   519 | D        | Reached skill level 7 in Axes
   519 | D        | Reached XP level 5. HP: 35/52 MP: 4/4
   519 | D        | Paralysed by a floating eye for 4 turns
   526 | D        | Killed a floating eye
   527 | D        | Reached skill level 8 in Axes
   527 | D        | Reached XP level 6. HP: 36/61 MP: 5/5
   536 | D        | Killed an orc warrior
   537 | D        | Reached skill level 9 in Axes
  1079 | D        | Noticed a boulder beetle
  1133 | D        | Noticed a warg
  1141 | D        | Reached XP level 7. HP: 66/70 MP: 6/6
  1156 | D        | Reached skill level 10 in Axes
  1321 | D        | Noticed an orange demon
  1321 | D        | Noticed an orc high priest
  1321 | D        | Noticed an orc sorcerer
  1322 | D        | Noticed a chaos spawn
  1322 | D        | Noticed a rust devil
  1323 | D        | Noticed a rust devil
  1334 | D        | Killed an orc sorcerer
  1335 | D        | Reached skill level 10 in Fighting
  1335 | D        | Reached skill level 11 in Axes
  1335 | D        | Reached XP level 8. HP: 23/80 MP: 7/7
  1339 | D        | Killed an orange demon
  1340 | D        | Reached skill level 12 in Axes
  1340 | D        | Reached skill level 5 in Throwing
  1340 | D        | Reached skill level 10 in Armour
  1340 | D        | Reached skill level 10 in Dodging
  1342 | D        | Killed an orc high priest
  1343 | D        | Reached skill level 13 in Axes
  1344 | D        | Reached XP level 9. HP: 48/89 MP: 8/8
  1797 | D        | Killed a boulder beetle
  1798 | D        | Reached skill level 14 in Axes
  1940 | D        | Bought the +2 hat of the Bear Spirit {Spirit, Bear, *Rage
                  | Will++} for 418 gold pieces
  1940 | D        | Found the +2 hat of the Bear Spirit {Spirit, Bear, *Rage
                  | Will++}
  2272 | D        | Noticed a boulder beetle
  2272 | D        | Noticed a deep elf zephyrmancer
  2272 | D        | Noticed a sea snake
  2278 | D        | Killed a sea snake
  2279 | D        | Reached skill level 15 in Axes
  2279 | D        | Reached skill level 1 in Spellcasting
  2281 | D        | Killed a deep elf zephyrmancer
  2282 | D        | Reached XP level 10. HP: 100/100 MP: 7/12
  2284 | D        | Killed a boulder beetle
  2344 | D        | Noticed a sea snake
  2347 | D        | Reached skill level 16 in Axes
  2355 | D        | Killed a sea snake
  2533 | D        | Bought the +0 scale mail of the Shining Light {+Inv Regen+}
                  | for 216 gold pieces
  2533 | D        | Bought a +2 pair of gloves of strength for 258 gold pieces
  2574 | D        | Noticed Josephine
  2578 | D        | Killed Josephine
  2579 | D        | Reached skill level 1 in Evocations
  2590 | D        | Reached skill level 17 in Axes
  2633 | D        | Noticed an anaconda
  2638 | D        | Killed a shadow wraith
  2643 | D        | Killed an anaconda
  2644 | D        | Reached XP level 11. HP: 110/110 MP: 14/16
  2816 | D        | Noticed a demonic crawler
  2824 | D        | Killed a demonic crawler
  2869 | D        | Reached skill level 18 in Axes
  2872 | D        | Reached skill level 10 in Throwing
  3036 | D        | Bought a +0 battleaxe of draining for 191 gold pieces
  3036 | D        | Bought the +8 shortbow of Valiance {drain, Dex+2} for 792
                  | gold pieces
  3069 | D        | Noticed a two-headed ogre
  3074 | D        | Noticed a centaur warrior
  3075 | D        | Noticed a merfolk avatar
  3082 | D        | Noticed a two-headed ogre
  3084 | D        | Killed a two-headed ogre
  3085 | D        | Reached skill level 1 in Ranged Weapons
  3093 | D        | Killed a centaur warrior
  3096 | D        | Killed a two-headed ogre
  3103 | D        | Killed a merfolk avatar
  3104 | D        | Reached skill level 5 in Spellcasting
  3104 | D        | Reached skill level 5 in Evocations
  3318 | D        | Noticed a demonic crawler
  3329 | D        | Killed a demonic crawler
  3330 | D        | Reached skill level 15 in Fighting
  3330 | D        | Noticed a phantasmal warrior
  3341 | D        | Killed a phantasmal warrior
  3342 | D        | Reached skill level 19 in Axes
  3386 | D        | Noticed a sun demon
  3395 | D        | Killed a sun demon
  3623 | D        | Noticed a nagaraja
  3623 | D        | Noticed a spriggan druid
  3629 | D        | Killed a spriggan druid
  3630 | D        | Reached XP level 12. HP: 119/121 MP: 19/19
  3635 | D        | Killed a nagaraja
  3636 | D        | Reached skill level 5 in Ranged Weapons
  3636 | D        | Reached skill level 15 in Armour
  3797 | D        | Noticed a death yak
  3805 | D        | Killed a death yak
  3806 | D        | Noticed a death yak
  3806 | D        | Noticed a death yak
  3806 | D        | Noticed a death yak
  3807 | D        | Noticed a death yak
  3807 | D        | Noticed a death yak
  3812 | D        | Killed a death yak
  3817 | D        | Killed a death yak
  3818 | D        | Killed a death yak
  3821 | D        | Reached skill level 20 in Axes
  3823 | D        | Killed a death yak
  3829 | D        | Killed a death yak
  3927 | D        | Noticed an alligator snapping turtle
  3927 | D        | Noticed a green death
  3927 | D        | Noticed a stone giant
  3927 | D        | Noticed a death knight
  3934 | D        | Killed a stone giant
  3939 | D        | Killed a green death
  3941 | D        | Killed a death knight
  3944 | D        | Killed an alligator snapping turtle
  3966 | D        | Got the Discourse on Pyromancy
  4097 | D        | Bought the ring of the Tortoise {AC+8} for 1792 gold pieces
  4097 | D        | Found the ring of the Tortoise {AC+8}
  4208 | D        | Noticed a two-headed ogre
  4208 | D        | Noticed a death cob
  4216 | D        | Reached skill level 15 in Dodging
  4222 | D        | Killed a death cob
  4223 | D        | Reached skill level 21 in Axes
  4233 | D        | Killed a two-headed ogre
  4234 | D        | Reached XP level 13. HP: 130/130 MP: 12/22
  4291 | D        | Identified the +0 leather armour of the Black Skies {rElec}
  4406 | D        | Bought a jewelled gold wand for 92 gold pieces
  4406 | D        | Bought a potion of curing for 69 gold pieces
  4406 | D        | Bought a glowing arbalest for 172 gold pieces
  4406 | D        | Bought a potion of haste for 230 gold pieces
  4406 | D        | Bought a runed battleaxe for 218 gold pieces
  4406 | D        | Bought a scroll labelled CUREAKK YNYFEYSH for 23 gold
                  | pieces
  4470 | D        | Noticed an iron dragon
  4470 | D        | Noticed a deep elf demonologist
  4470 | D        | Noticed a deep elf annihilator
  4470 | D        | Noticed an azure jelly
  4470 | D        | Noticed a cacodemon
  4470 | D        | Noticed a sphinx
  4543 | D        | Killed a sphinx
  4562 | D        | Killed a deep elf annihilator
  4563 | D        | Reached skill level 22 in Axes
  4572 | D        | Killed a deep elf demonologist
  4582 | D        | Killed an iron dragon
  4962 | D        | Killed an azure jelly
  4964 | D        | Noticed a black draconian knight
  4969 | D        | Noticed an electric golem
  4983 | D        | Killed an electric golem
  4990 | D        | Killed a black draconian knight
  5106 | D        | Reached skill level 10 in Ranged Weapons
  5114 | D        | Noticed a green death
  5133 | D        | Reached skill level 23 in Axes
  5135 | D        | Killed a green death
  5159 | D        | Reached XP level 14. HP: 37/144 MP: 1/25
  5162 | D        | Reached skill level 10 in Evocations
  5605 | D        | Noticed an orc warlord
  5617 | D        | Killed an orc warlord
  5657 | D        | Reached skill level 24 in Axes
  5772 | D        | Noticed an orc warlord
  5780 | D        | Killed an orc warlord
  6068 | D        | Got the +1 cloak of the Distant Future {rElec rF++ MP-9
                  | Dex-2 SInv}
  6315 | D        | Killed a cacodemon
  6492 | D        | Noticed a storm dragon
  6492 | D        | Noticed a balrug
  6513 | D        | Killed a storm dragon
  6560 | D        | Killed a balrug
  6577 | D        | Noticed an Executioner
  6586 | D        | Killed an Executioner
  6749 | D        | Noticed a titan
  6750 | D        | Noticed a storm dragon
  6752 | D        | Noticed a stone giant
  6756 | D        | Noticed a Killer Klown
  6757 | D        | Killed a titan
  6758 | D        | Reached skill level 25 in Axes
  6758 | D        | Noticed a deep elf master archer
  6761 | D        | Killed a storm dragon
  6761 | D        | Noticed a Tzitzimitl
  6769 | D        | Killed a stone giant
  6775 | D        | Killed a Killer Klown
  6776 | D        | Noticed a war gargoyle
  6781 | D        | Killed a Tzitzimitl
  6785 | D        | Killed a war gargoyle
  6788 | D        | Killed a deep elf master archer
  7082 | D        | Got the amulet "Ili Hyomp" {Acrobat rCorr}
  7084 | D        | Got the amulet "Oseplonei" {Spirit +Inv Dex+3 SInv}
  7086 | D        | Got the ring of Nuihere {Int+6 Stlth+}
  7088 | D        | Got the ring "Aciuko" {Ice *Corrode Fly Str+4 SInv}
  7090 | D        | Got the amulet "Ono Elle" {Reflect Harm rC+ SH+5}
  7092 | D        | Got the ring "Esesol" {rCorr Slay+2}
  7094 | D        | Got the amulet of the Writhing Gods {Acrobat Rampage}
  7096 | D        | Got the ring "Elock" {rN+ MP+9}
  7128 | D        | Noticed a shadow dragon
  7149 | D        | Got the +9 broad axe of Ru's Wrath {freeze, rC+ Will+}
  7151 | D        | Got the +5 executioner's axe "Xesovvoela" {heavy, rElec
                  | rC++ Str+3 Dex-5}
  7166 | D        | Killed a shadow dragon
  7241 | D        | Noticed a lich
  7246 | D        | Noticed the 27-headed Lernaean hydra
  7246 | D        | Noticed a green draconian monk
  7251 | D        | Killed a lich
  7252 | D        | Noticed a titan
  7256 | D        | Noticed a fire giant
  7256 | D        | Noticed a green draconian monk
  7260 | D        | Noticed an apis
  7262 | D        | Noticed a nagaraja
  7265 | D        | Killed the 26-headed Lernaean hydra
  7266 | D        | Reached skill level 26 in Axes
  7266 | D        | Reached skill level 10 in Spellcasting
  7266 | D        | Reached XP level 15. HP: 156/156 MP: 12/28
  7268 | D        | Killed a green draconian monk
  7268 | D        | Noticed a shadow dragon
  7272 | D        | Killed a titan
  7275 | D        | Killed a green draconian monk
  7277 | D        | Killed a fire giant
  7289 | D        | Killed a nagaraja
  7293 | D        | Killed a shadow dragon
  7555 | D        | Noticed a hellephant
  7566 | D        | Killed a hellephant
  7570 | D        | Reached skill level 27 in Axes
  7660 | D        | Bought a potion of might for 72 gold pieces
  7660 | D        | Bought a potion of curing for 54 gold pieces
  7660 | D        | Bought a potion of heal wounds for 90 gold pieces
  7660 | D        | Bought a potion of heal wounds for 90 gold pieces
  7660 | D        | Bought a potion of heal wounds for 90 gold pieces
  7660 | D        | Bought a potion of might for 72 gold pieces
  7660 | D        | Bought a potion of brilliance for 72 gold pieces
  7662 | D        | Bought a gold wand for 108 gold pieces
  7662 | D        | Bought a scroll labelled YQISED JYXTUTI for 27 gold pieces
  7662 | D        | Bought a potion of curing for 81 gold pieces
  7662 | D        | Bought a potion of brilliance for 108 gold pieces
  7701 | D        | Noticed a Tzitzimitl
  7709 | D        | Killed a Tzitzimitl
  8101 | D        | Noticed a rockslime
  8102 | D        | Killed a rockslime
  8106 | D        | Noticed an Ice Fiend
  8109 | D        | Killed an Ice Fiend
  8110 | D        | Reached skill level 15 in Ranged Weapons
  8344 | D        | Noticed a golden dragon
  8349 | D        | Killed a golden dragon
  8498 | D        | Noticed a curse toe
  8502 | D        | Killed a curse toe
  8905 | D        | Noticed a pearl dragon
  8905 | D        | Noticed a fire giant
  8917 | D        | Killed a pearl dragon
  8920 | D        | Killed a fire giant
  9081 | D        | Noticed a Tzitzimitl
  9087 | D        | Killed a Tzitzimitl
  9451 | D        | Noticed a daeva
  9457 | D        | Killed a daeva
  9634 | D        | Noticed an Ice Fiend
  9639 | D        | Killed an Ice Fiend
  9975 | D        | Noticed a curse toe
  9977 | D        | Killed a curse toe
  9981 | D        | Noticed an Ice Fiend
  9984 | D        | Killed an Ice Fiend
 10336 | D        | Noticed Louise
 10339 | D        | Killed Louise
 10833 | D        | Reached XP level 16. HP: 164/170 MP: 28/30
 10989 | D        | Noticed a deep elf blademaster
 10989 | D        | Noticed a shadow dragon
 10993 | D        | Killed a shadow dragon
 10996 | D        | Killed a deep elf blademaster
 10998 | D        | Noticed Jory
 10999 | D        | Reached skill level 15 in Evocations
 11000 | D        | Noticed a storm dragon
 11008 | D        | Noticed a bone dragon
 11009 | D        | Killed Jory
 11014 | D        | Noticed Boris
 11016 | D        | Noticed a deep elf master archer
 11017 | D        | Killed a bone dragon
 11019 | D        | Killed a storm dragon
 11026 | D        | Killed Boris
 11033 | D        | Killed a deep elf master archer
 11054 | D        | Noticed an Ice Fiend
 11067 | D        | Killed an Ice Fiend
 11627 | D        | Bought the +9 gold dragon scales of Sunlight {rPois rF+ rC+
                  | rN+ Str+3} for 2043 gold pieces
 11650 | D        | Noticed a golden dragon
 11685 | D        | Killed a golden dragon
 11992 | D        | Reached XP level 17. HP: 185/185 MP: 32/34
 12185 | D        | Got a silver rune of Zot
 12388 | D        | Bought a twisted gilded ring for 165 gold pieces
 12388 | D        | Bought a scroll labelled ROL EHUDU RIKULOAB for 33 gold
                  | pieces
 12388 | D        | Bought a square amethyst amulet for 165 gold pieces
 12388 | D        | Bought the +8 orange crystal plate armour {Archmagi, Int+3
                  | Clar} for 4768 gold pieces
 12388 | D        | Found the +8 orange crystal plate armour {Archmagi, Int+3
                  | Clar}
 12388 | D        | Bought a scroll of enchant weapon for 247 gold pieces
 12388 | D        | Bought a pair of embroidered boots for 247 gold pieces
 12558 | D        | Noticed Ereshkigal
 12578 | D        | Noticed a Tzitzimitl
 12581 | D        | Noticed a Tzitzimitl
 12583 | D        | Mangled by Ereshkigal

Illustrated notes

Levels and vault maps discovered:
D:        pitsprint [storerooms_1, entrance_room_1, metal_vault_2, armoury_1,
          mini_pit_1, grid_room_1, main_hall_1, silver_pit, the_coven_3,
          the_vestibule_1, steel_vault_5, golden_pit, hallway_of_sentries,
          crystal_vault_2, iron_vault_2, final_vault]

Skill      XL: |  1  2  3  4  5  6  7  8  9 10 11 12 13 14 15 16 17 |
---------------+----------------------------------------------------+-----
Armour         | 2 5 6 7 8 9 11 12 13 14 16 17 19 22 25 | 25.7
Fighting       | 3 6 7 8 9 10 11 12 14 15 16 18 20 22 25 26 | 26.0
Axes           | 4 6 7 8 9 11 13 15 17 19 21 23 26 27 | 27.0
Dodging        | 4 6 7 8 9 10 11 12 14 15 16 18 20 23 | 23.8
Throwing       | 4 6 8 9 11 12 13 | 13.3
Spellcasting   | 2 4 5 6 8 10 11 14 | 14.4
Evocations     | 3 5 7 9 12 14 17 | 17.9
Ranged Weapons | 4 7 10 13 16 20 | 20.9

Action                     |  1- 3 |  4- 6 |  7- 9 | 10-12 | 13-15 | 16-18 || total
---------------------------+-------+-------+-------+-------+-------+-------++-------
  Melee: War axe           |    22 |    49 |    35 |       |       |       ||   106
         Headbutt          |     1 |    13 |    10 |    42 |   107 |    29 ||   202
         Punch             |       |     1 |       |       |       |       ||     1
         Broad axe         |       |       |    15 |    75 |       |       ||    90
         Battleaxe         |       |       |       |   139 |   366 |       ||   505
         Executioner's axe |       |       |       |       |    78 |   190 ||   268
   Fire: Shortbow          |       |       |       |    18 |       |       ||    18
         Arbalest          |       |       |       |       |     1 |       ||     1
  Throw: Boomerang         |       |     1 |       |       |       |       ||     1
         Throwing net      |       |       |     1 |       |       |       ||     1
 Invoke: Potion Petition   |       |       |     1 |     2 |     6 |     4 ||    13
         Call Merchant     |       |       |     1 |     2 |     3 |     2 ||     8
  Evoke: Phantom mirror    |       |       |       |       |     1 |       ||     1
    Use: Potion            |     1 |     1 |     5 |       |    15 |     2 ||    24
         Scroll            |       |       |       |       |     5 |     2 ||     7
   Stab: Invisible         |       |     2 |     7 |     5 |     1 |     9 ||    24
         Distracted        |       |       |     1 |     5 |     4 |     2 ||    12
         Confused          |       |       |       |     1 |       |     2 ||     3
         Petrified         |       |       |       |       |       |     3 ||     3
 Armour: Leather armour    |    10 |       |       |       |       |       ||    10
         Chain mail        |       |    26 |    24 |     3 |       |       ||    53
         Scale mail        |       |       |       |    56 |    84 |       ||   140
         Gold dragon scale |       |       |       |       |   142 |   167 ||   309
         Crystal plate arm |       |       |       |       |       |    14 ||    14
  Dodge: Dodged            |    22 |    22 |    34 |    69 |   199 |   107 ||   453

Table legend: (Time is in decaauts) A = Elapsed time spent in this place. B = Non-inter-level travel time spent in this place. C = Inter-level travel time spent in this place. D = Time resting spent in this place. E = Time spent auto-exploring this place. F = Levels seen in this place. G = Mean time per level. A B C D E F G +--------+--------+--------+--------+--------+-----+--------+ Total | 12485 | 12381 | 104 | 8377 | 12 | 1 | 12485.0 | Dungeon | 12485 | 12381 | 104 | 8377 | 12 | 1 | 12485.0 | +--------+--------+--------+--------+--------+-----+--------+

Top non-repeatable levels by time:
       D: 12485 daAuts
